 Dungeon Crawl Stone Soup version 0.21-a0-522-ga8338f0 (webtiles) character file.

3154 dvd the Archer (level 9, -1/62 HPs)
             Began as an Octopode Hunter on Dec 6, 2017.
             Was a Believer of Qazlal.
             Slain by a two-headed ogre
             ... wielding a +0 giant spiked club
              (14 damage)
             ... on level 8 of the Dungeon.
             The game lasted 00:27:41 (8639 turns).

dvd the Archer (Octopode Hunter)                    Turns: 8639, Time: 00:27:42

Health: -1/62      AC: 10    Str: 13    XL:     9   Next: 93%
Magic:  10/10      EV: 17    Int: 14    God:    Qazlal [**....]
Gold:   451        SH:  3    Dex: 13    Spells: 3/10 levels left

rFire    . . .     SeeInvis .   c - +2 flail (protect)
rCold    . . .     Gourm    .   (no shield)
rNeg     . . .     Faith    .   I - +2 hat
rPois    .         Spirit   .   x - amulet of regeneration
rElec    .         Reflect  .   l - +3 ring of evasion
rCorr    .         Harm     .   H - ring of wizardry
MR       .....                  (no ring)
Stlth    +++.......             (no ring)
HPRegen  0.60/turn              (no ring)
MPRegen  0.12/turn              (no ring)
                                (no ring)
                                (no ring)

@: protection aura, drained
A: almost no armour, stealthy swim, amphibious, 8 rings, constrict 8, camouflage
1, gelatinous body 1
a: Upheaval, Renounce Religion


You were on level 8 of the Dungeon.
You worshipped Qazlal.
Qazlal was pleased with you.
You were not hungry.

You visited 2 branches of the dungeon, and saw 9 of its levels.

You collected 451 gold pieces.

Inventory:

Hand Weapons
 a - a +1 shortbow
 b - a +1 dagger of speed
 c - a +2 flail of protection (weapon)
 j - a +0 short sword
 F - a +1 whip of flaming
 N - a +2 spear of piercing
 O - a +2 long sword
Missiles
 B - 71 arrows
 J - 4 javelins (quivered)
Armour
 h - a +0 large shield
 m - a +2 buckler
 I - a +2 hat (worn)
Jewellery
 l - a +3 ring of evasion (left tentacle)
 x - an amulet of regeneration (around mantle)
 H - a ring of wizardry (right tentacle)
Wands
 L - a wand of disintegration (12)
 M - a wand of random effects (26)
Scrolls
 e - 6 scrolls of remove curse {unknown}
 g - 11 scrolls of identify {unknown}
 p - 4 scrolls of enchant armour {unknown}
 q - 2 scrolls of blinking {unknown}
 s - 3 scrolls of fear {unknown}
 u - 4 scrolls of teleportation {unknown}
 y - a scroll of amnesia {unknown}
 A - 3 scrolls of magic mapping {unknown}
Potions
 f - a potion of invisibility {unknown}
 k - 4 potions of magic {unknown}
 n - 3 potions of curing {unknown}
 o - a potion of flight {unknown}
 r - 2 potions of brilliance {unknown}
 v - a potion of might {unknown}
 w - 3 potions of heal wounds
 z - 5 potions of agility {unknown}
 C - a potion of ambrosia {unknown}
 G - 2 potions of mutation {unknown}
Books
 E - a Young Poisoner's Handbook

   Spells                             Type                      Level
   a - Sting                          Conjuration/Poison           1
   b - Poisonous Vapours              Poison/Air                   2
   c - Mephitic Cloud                 Conjuration/Poison/Air       3
   d - Olgreb's Toxic Radiance        Poison                       4
   e - Venom Bolt                     Conjuration/Poison           5
Comestibles
 d - 5 bread rations
 i - 3 royal jellies
 t - a meat ration
 D - a fruit
 K - 6 chunks of flesh


   Skills:
 + Level 6.0(5.6) Fighting
 + Level 2.5(2.1) Short Blades
 + Level 5.3(4.9) Maces & Flails
 + Level 9.6(9.2) Bows
 + Level 0.1(0.0) Throwing
 + Level 3.6(3.2) Dodging
 + Level 4.2(3.9) Stealth
 + Level 1.3(1.0) Spellcasting
 + Level 0.2(0.0) Air Magic
 * Level 4.2(3.9) Poison Magic


You had 3 spell levels left.
You knew the following spells:

 Your Spells              Type           Power        Failure   Level  Hunger
a - Poisonous Vapours     Pois/Air       #.....       8%          2    ###....
b - Sting                 Conj/Pois      #...         4%          1    ##.....
c - Olgreb's Toxic Radia  Pois           ##......     21%         4    #####..


Dungeon Overview and Level Annotations

Branches:
Dungeon (8/15)             Temple (1/1) D:6
   Lair: D:8-11

Altars:
Ashenzari
Cheibriados
Dithmenos
Elyvilon
Fedhas
Gozag
Hepliaklqana
Kikubaaqudgha
Makhleb
Nemelex Xobeh
Okawaru
Qazlal
Ru
Sif Muna
Trog
Uskayaw
Wu Jian
Xom
Yredelemnul
Zin
The Shining One


Innate Abilities, Weirdness & Mutations

You cannot wear most types of armour.
You are very stealthy in the water. (Stealth+)
You are amphibious.
You can wear up to eight rings at the same time.
You can use your tentacles to constrict eight enemies at once.
Your skin changes colour to match your surroundings (Stealth+).
Your rubbery body absorbs attacks. (AC +1, EV +1)


Message History

The two-headed ogre completely misses you.
You sock the two-headed ogre!
The two-headed ogre is severely wounded.
You barely miss the two-headed ogre.
The two-headed ogre is severely wounded.
The two-headed ogre closely misses you. The two-headed ogre misses you.
You barely miss the two-headed ogre.
The two-headed ogre is severely wounded.
The two-headed ogre hits you with a giant spiked club!
The two-headed ogre hits you with a giant club!
You hit the two-headed ogre but do no damage.
The two-headed ogre is severely wounded.
The two-headed ogre barely misses you.
The two-headed ogre hits you with a giant club!
You sock the two-headed ogre!
The two-headed ogre is almost dead.
The two-headed ogre hits you with a giant spiked club!
* * * LOW HITPOINT WARNING * * *
The two-headed ogre hits you with a giant club!
You die...

.............+^..................
.............#..(<...............
.............#..(................
.............#.........(.........
..##..##.##.####(##..####.##.##..
#'##..##.##.##..(##..############
.))'.....#........#.....#
...#.....#......O.'.....#
...#.....#......@ยง#.....#
...#.....##...##.########
#'##.....##...##.##....##
..##.....##...#.........#
..#......#....#.........#
..#......#....#.........#
..#......#....#.........#
..#......'....#.........##
#.####...####.####....)..#


You could see a two-headed ogre.

Vanquished Creatures
  Pikel (D:7)
  Sigmund (D:6)
  Edmund (D:5)
  A phantom (D:5)
  4 slaves (D:7)
  A centaur (D:7)
  3 bullfrogs
  A gnoll sergeant (D:8)
  A wyvern zombie (D:7)
  2 scorpions
  6 wights
  5 howler monkeys
  7 crimson imps
  A bullfrog zombie (D:7)
  3 orc priests
  4 bullfrog skeletons
  A gnoll shaman (D:5)
  2 hounds
  3 orc wizards
  4 iguanas
  6 worker ants
  A howler monkey zombie (D:6)
  A worker ant zombie (D:6)
  17 gnolls
  9 adders
  7 river rats (D:7)
  A shadow imp (D:6)
  An ooze (D:2)
  3 adder skeletons
  5 worms
  2 dart slugs
  6 leopard geckos
  13 orcs
  2 ball pythons
  9 bats
  A bat zombie (D:8)
  7 giant cockroaches
  9 goblins
  6 hobgoblins
  8 jackals
  3 quokkas
  7 frilled lizards
  A jackal skeleton (D:6)
  3 kobolds
  23 rats
  2 rat zombies (D:8)
205 creatures vanquished.

Vanquished Creatures (others)
  An orc wizard (D:6)
1 creature vanquished.

Grand Total: 206 creatures vanquished

Notes
Turn   | Place    | Note
-------+----------+-------------------------------------------
     0 | D:1      | dvd the Octopode Hunter began the quest for the Orb.
     0 | D:1      | Reached XP level 1. HP: 14/14 MP: 1/1
    93 | D:1      | Reached XP level 2. HP: 19/19 MP: 2/2
   406 | D:1      | Reached XP level 3. HP: 24/24 MP: 3/3
   501 | D:1      | Found a sparkling altar of Nemelex Xobeh.
  1225 | D:2      | Found a bloodstained altar of Trog.
  1564 | D:2      | Reached XP level 4. HP: 30/30 MP: 4/4
  1792 | D:2      | Reached skill level 5 in Bows
  2683 | D:3      | Found a glowing golden altar of the Shining One.
  2683 | D:3      | Found an ornate altar of the Wu Jian Council.
  2684 | D:3      | Found an opulent altar of Gozag.
  3039 | D:3      | Reached XP level 5. HP: 36/36 MP: 5/5
  3746 | D:4      | Reached skill level 1 in Short Blades
  3746 | D:4      | Reached skill level 6 in Bows
  3746 | D:4      | Reached XP level 6. HP: 36/42 MP: 6/6
  4640 | D:4      | Found a bloodstained altar of Trog.
  4642 | D:4      | Found a shadowy altar of Dithmenos.
  4734 | D:5      | Entered Level 5 of the Dungeon
  4759 | D:5      | Reached XP level 7. HP: 45/48 MP: 7/7
  4776 | D:5      | Noticed Edmund
  5157 | D:5      | Killed Edmund
  5157 | D:5      | Reached skill level 7 in Bows
  5330 | D:5      | Reached XP level 8. HP: 54/54 MP: 8/8
  5383 | D:5      | Reached skill level 8 in Bows
  5857 | D:5      | Found a stormy altar of Qazlal.
  5977 | D:5      | Became a worshipper of Qazlal Stormbringer
  5997 | D:6      | Noticed Sigmund
  6117 | D:6      | Reached skill level 1 in Maces & Flails
  6127 | D:6      | Reached skill level 5 in Fighting
  6197 | D:6      | Found a snail-covered altar of Cheibriados.
  6385 | D:6      | Learned a level 2 spell: Poisonous Vapours
  6399 | D:6      | Learned a level 1 spell: Sting
  6520 | D:6      | Found a staircase to the Ecumenical Temple.
  6528 | Temple   | Entered the Ecumenical Temple
  6877 | D:6      | Reached * piety under Qazlal
  6889 | D:6      | Found a burning altar of Makhleb.
  6929 | D:6      | Killed Sigmund
  7142 | D:7      | Reached XP level 9. HP: 55/61 MP: 9/9
  7216 | D:7      | Learned a level 4 spell: Olgreb's Toxic Radiance
  7241 | D:7      | Found a hide-covered altar of Uskayaw.
  7293 | D:7      | Reached skill level 1 in Poison Magic
  7440 | D:7      | Found a shimmering altar of Xom.
  7475 | D:7      | Reached skill level 9 in Bows
  7547 | D:7      | Found a blossoming altar of Fedhas.
  8026 | D:7      | Noticed Pikel
  8038 | D:7      | Killed Pikel
  8038 | D:7      | Reached ** piety under Qazlal
  8150 | D:8      | Reached skill level 5 in Maces & Flails
  8361 | D:8      | Found an ancient bone altar of Kikubaaqudgha.
  8453 | D:8      | Reached skill level 1 in Spellcasting
  8625 | D:8      | Noticed a two-headed ogre
  8639 | D:8      | Slain by a two-headed ogre

Vault maps used:
D:1:      onia_arrival_larder, nemelex_xobeh_ov_fountains_minmay
D:2:      trog_book
D:3:      gammafunk_temple_overflow_claw, first_bread
D:4:      amethyst_overflow_temple_binary, kennysheep_boxes
D:5:      old_standard_altar, minivault_27, uniq_edmund
D:6:      bloody_makhleb, cheibriados_altar_1, temple_pool_b,
          kennysheep_generic_room_11, uniq_sigmund
D:7:      lemuel_doored_altar, kennysheep_mini_moat, fedhas_altar_2,
          dk_rats_in_the_wall, uniq_pikel
D:8:      lemuel_zombie_altar_kikubaaqudgha, nicolae_transmutations_shop
Temple:   compressed_dpeg_triangle_lava_temple

Skill      XL: |  1  2  3  4  5  6  7  8  9 |
---------------+----------------------------+-----
Stealth        | 2 3 4 |  4.2
Bows           | 5 6 7 8 9 |  9.6
Fighting       | 3 4 5 6 |  6.0
Short Blades   | 1 2 |  2.5
Maces & Flails | 3 5 |  5.3
Dodging        | 3 |  3.6
Poison Magic   | 4 |  4.2
Spellcasting   | 1 |  1.3
Throwing       | |  0.1
Air Magic      | |  0.2

Action                   |  1- 3 |  4- 6 |  7- 9 || total
-------------------------+-------+-------+-------++-------
Melee: Short sword       |    15 |       |       ||    15
       Constrict         |     6 |    20 |    65 ||    91
       Tentacles         |     5 |    15 |    58 ||    78
       Dagger            |    18 |   119 |    52 ||   189
       Flail             |       |       |   197 ||   197
 Fire: Shortbow          |    65 |   139 |   216 ||   420
Throw: Javelin           |       |       |     2 ||     2
 Cast: Poisonous Vapours |       |       |     3 ||     3
       Sting             |       |       |     1 ||     1
       Olgreb's Toxic Ra |       |       |     3 ||     3
Evoke: Wand              |       |       |     1 ||     1
 Stab: Sleeping          |     5 |     3 |     1 ||     9
  Eat: Chunk             |     2 |     9 |    14 ||    25
Armor: Skin              |     4 |       |    30 ||    34
Dodge: Dodged            |    18 |    62 |   212 ||   292
Block: Other             |       |       |     8 ||     8

Table legend:
 A = Spawn XP
 B = Non-spawn XP
 C = Spawn XP percentage of total XP
 D = Spawn monster count
 E = Non-spawn monster count
 F = Spawn count percentage of total count
 G = Total turns spent on level
                    A         B        C        D         E        F      G
               +---------+---------+-------+---------+---------+-------+---------
         Total |       0 |    4507 |   0.0 |       0 |     202 |   0.0 |  8639
               +---------+---------+-------+---------+---------+-------+---------
           D:1 |       0 |      45 |   0.0 |       0 |      28 |   0.0 |   663
           D:2 |       0 |      62 |   0.0 |       0 |      18 |   0.0 |  1679
           D:3 |       0 |     123 |   0.0 |       0 |      23 |   0.0 |  1216
           D:4 |       0 |     401 |   0.0 |       0 |      22 |   0.0 |  1240
           D:5 |       0 |     913 |   0.0 |       0 |      24 |   0.0 |  1263
           D:6 |       0 |     762 |   0.0 |       0 |      25 |   0.0 |   834
           D:7 |       0 |    1609 |   0.0 |       0 |      44 |   0.0 |  1008
           D:8 |       0 |     592 |   0.0 |       0 |      18 |   0.0 |   494
               +---------+---------+-------+---------+---------+-------+---------
